 Dungeon Sprint DCSS version 0.18-a0-965-g9200175 (webtiles) character file.

434 Ishamoridin the Fighter (level 6, -4/74 HPs)
             Began as a Troll Abyssal Knight on Jan 1, 2016.
             Was a Believer of Lugonu.
             Slain by Sonja
             ... wielding a +0 dagger of distortion
              (5 damage)
             ... in the Dungeon (Sprint I: "Red Sonja").
             The game lasted 00:06:05 (262 turns).

Ishamoridin the Fighter (Troll Abyssal Knight)       Turns: 262, Time: 00:06:06

Health: -4/74      AC:  5    Str: 23    XL:     6   Next: 67%
Magic:  8/8        EV: 11    Int:  8    God:    Lugonu [**....]
Gold:   351        SH:  0    Dex:  9    Spells: 0 memorised, 5 levels left

rFire  . . .     SeeInvis .       - Unarmed
rCold  . . .     Gourm    +     a - +0 robe
rNeg   . . .     Faith    .     (no shield)
rPois  .         Spirit   .     (helmet restricted)
rElec  .         Dismiss  .     (no cloak)
rCorr  .         Reflect  .     (gloves unavailable)
SustAt .         Harm     .     (boots unavailable)
MR     .....     NoTele   +     (no amulet)
Stlth  ++........               (no ring)
                                (no ring)

@: lethally poisoned (-4 -> -4), slowed, very slow, not resistant to hostile
enchantments, unstealthy
A: unfitting armour, claws 3, fast metabolism 3, gourmand, regeneration 2,
shaggy fur 1, tough skin 2
a: Bend Space, Renounce Religion


You were in the Dungeon.
You worshipped Lugonu.
Lugonu was pleased with you.
You were completely stuffed.

You visited 1 branch You collected 351 gold pieces.

Inventory:

Hand Weapons
 d - a +0 giant club
 e - a +0 scythe
Missiles
 c - 3 curare-tipped needles
 i - 20 poisoned needles
 k - 27 bolts
Armour
 a - a +0 robe (worn)
 j - a +0 robe
Scrolls
 h - a scroll of blinking
Potions
 f - 2 potions of magic
 g - a potion of berserk rage
Comestibles
 b - 2 bread rations
 l - 3 chunks of flesh


   Skills:
 * Level 8.5 Fighting
 * Level 5.6 Dodging
 * Level 2.5 Stealth
 * Level 6.6 Unarmed Combat
 * Level 4.1 Invocations


You had 5 spell levels left.
You didn't know any spells.

Dungeon Overview and Level Annotations

Branches:
Dungeon (1/1)

Altars:
Elyvilon
Gozag
Kikubaaqudgha
Makhleb
Nemelex Xobeh
Okawaru
Pakellas
Qazlal
Ru
Sif Muna
Trog
Vehumet
Xom
Yredelemnul
Zin
The Shining One

Shops:
D *

Annotations:
D Sonja


Innate Abilities, Weirdness & Mutations

You are too large for most types of armour.
You have claws for hands.
Your metabolism is lightning-fast.
You like to eat raw meat.
You heal very quickly.
You are covered in fur (AC +1).
You have very tough skin (AC +2).


Message History

You feel as though you will be slow longer.
c - 2 curare-tipped needles You now have 351 gold pieces (gained 27).
You feel sick.
You feel sick.
You see here a curare-tipped needle.
c - 3 curare-tipped needles (gained 1)
You feel sick.
You feel sick. Something hits you. Space bends around you.
* * * LOW HITPOINT WARNING * * *
Something hits you.
* * * LOW HITPOINT WARNING * * *
Space warps horribly around you!
* * * LOW HITPOINT WARNING * * *
Something hits you.
* * * LOW HITPOINT WARNING * * *
Space bends around you.
* * * LOW HITPOINT WARNING * * *
You feel sick. Something hits you but does no damage. Space bends around you.
You die...

#..####..#...#.#
#..#__####..##.#
#..#_.___##'#..+
#⌠⌠#_.∩...'..._#
####_..._##_.#+#
#_____###'#
#########.##
+..$+ #..@#
##.## #+#


There were no monsters in sight!

Vanquished Creatures
  A yak (D)
  Sigmund (D)
  An ogre (D)
  A jelly (D)
  Ijyb (D)
5 creatures vanquished.

Notes
Turn   | Place    | Note
--------------------------------------------------------------
     0 | D        | Ishamoridin the Troll Abyssal Knight began the quest for the Orb.
     0 | D        | Reached XP level 1. HP: 22/22 MP: 1/1
     4 | D        | Noticed Ijyb
    11 | D        | Killed Ijyb
    11 | D        | Reached skill level 4 in Fighting
    11 | D        | Reached XP level 2. HP: 28/32 MP: 2/2
    16 | D        | Noticed an ogre
    26 | D        | Killed an ogre
    26 | D        | Reached ** piety under Lugonu
    26 | D        | Reached skill level 5 in Fighting
    26 | D        | Reached skill level 1 in Stealth
    26 | D        | Reached XP level 3. HP: 25/44 MP: 2/4
    26 | D        | Reached XP level 4. HP: 29/52 MP: 2/5
    78 | D        | Noticed Sigmund
    84 | D        | Killed Sigmund
    84 | D        | Reached skill level 7 in Fighting
    84 | D        | Reached skill level 5 in Unarmed Combat
    84 | D        | Reached XP level 5. HP: 50/62 MP: 4/6
   123 | D        | Found a deep blue altar of Sif Muna.
   125 | D        | Found a radiant altar of Vehumet.
   131 | D        | Reached skill level 5 in Dodging
   131 | D        | Reached XP level 6. HP: 61/71 MP: 7/7
   151 | D        | Found Sastrume's General Store.
   151 | D        | Found a white marble altar of Elyvilon.
   151 | D        | Found a stormy altar of Qazlal.
   151 | D        | Found a basalt altar of Yredelemnul.
   151 | D        | Found an iron altar of Okawaru.
   151 | D        | Found a sparkling altar of Nemelex Xobeh.
   151 | D        | Found a shimmering altar of Xom.
   151 | D        | Found an ancient bone altar of Kikubaaqudgha.
   151 | D        | Noticed a yak
   161 | D        | Killed a yak
   161 | D        | Reached skill level 8 in Fighting
   162 | D        | Found a burning altar of Makhleb.
   162 | D        | Found a sacrificial altar of Ru.
   162 | D        | Found an oddly glowing altar of Pakellas.
   162 | D        | Found a glowing golden altar of the Shining One.
   162 | D        | Found an opulent altar of Gozag.
   162 | D        | Found a glowing silver altar of Zin.
   222 | D        | Found a bloodstained altar of Trog.
   248 | D        | Noticed Sonja
   261 | D        | HP: 3/74 [something (3)]
   261 | D        | HP: 1/74 [something (2)]
   262 | D        | Slain by Sonja

Vault maps used:
D:        dungeon_sprint_1

Action                   |  1- 3 |  4- 6 || total
-------------------------+-------+-------++-------
Melee: Unarmed           |    10 |    20 ||    30
Invok: Bend Space        |       |     1 ||     1
  Use: Potion            |     2 |     1 ||     3
  Eat: Chunk             |       |     8 ||     8
